[Event "Team 45 45 League T54"]
[Site "Internet Chess Club"]
[Date "2012.09.17"]
[Round "5"]
[White "KW-Winner"]
[Black "parpin"]
[Result "0-1"]
[WhiteElo "1888"]
[BlackElo "1998"]
[Opening "Queen's pawn: London system"]
[ECO "A45"]
[Time "12:03:23"]
[TimeControl "2700+45"]

1. d4 Nf6 2. Bf4 d5 3. c4 c6 4. e3 Bf5 5. Bd3 Bxd3 6. Qxd3 Qb6 7. Nd2 e6 8. c5
Qd8 9. Qb3 b6 10. cxb6 Qxb6 11. Ngf3 Nbd7 12. O-O Be7 13. Rfc1 c5 14. dxc5 Nxc5
15. Qxb6 axb6 16. Bc7 b5 17. Ne5 Nfd7 18. Nxd7 Kxd7 19. Bb6 Rhc8 20. Bxc5 Rxc5
21. Rxc5 Bxc5 22. Nb3 Be7 23. a3 Rc8 24. Rc1 Rc4 25. Rxc4 bxc4 26. Nd4 e5 27.
Nf5 Bxa3 28. Kf1 Bxb2 29. Ke2 g6 30. Ng3 f5 31. Kd2 Ke6 32. Ne2 d4 33. exd4 exd4
34. Ng3 Ba3 35. Ne2 Bb4+ 36. Kc1 Kd5 37. Nf4+ Ke4 38. Ne6 Bd6 39. Ng5+ Kd3 40.
g3 Ba3+ 41. Kd1 c3 {White resigns} 0-1

[Event "Team 45 45 League T54"]
[Site "Internet Chess Club"]
[Date "2012.09.16"]
[Round "5"]
[White "justice02"]
[Black "Goli"]
[Result "1-0"]
[WhiteElo "1704"]
[BlackElo "1881"]
[Opening "Benoni defense"]
[ECO "A56"]
[Time "17:00:28"]
[TimeControl "2700+45"]

1. d4 Nf6 2. c4 c5 3. dxc5 Qa5+ 4. Nc3 Qxc5 5. e4 d6 6. Be3 Qa5 7. f3 g6 8. Bd3
Bg7 9. Ne2 O-O 10. O-O Nc6 11. Ng3 Be6 12. Nd5 Bxd5 13. cxd5 Ne5 14. Be2 Rac8
15. b4 Qa3 16. Qb3 Qxb3 17. axb3 Rc3 18. Bxa7 Rxb3 19. Rfb1 Rxb1+ 20. Rxb1 Rc8
21. Be3 Rc2 22. Ra1 h5 23. h4 Nc4 24. Bd4 Nxe4 25. Bxg7 Nxg3 26. Bd3 Rd2 27. Bc3
Ne5 28. Bxd2 Nxd3 29. Ra8+ Kg7 30. Rb8 Ne2+ 31. Kf1 Ng3+ 32. Kg1 Ne2+ 33. Kh2
Nef4 34. Rxb7 Nxd5 35. b5 Nc5 36. Ra7 Kf6 37. Be1 Ke6 38. Bf2 Nd3 39. b6 N3b4
40. b7 Nc6 41. Ra8 {Black resigns} 1-0

[Event "Team 45 45 League T54"]
[Site "Internet Chess Club"]
[Date "2012.09.17"]
[Round "5"]
[White "tsia68"]
[Black "LazyPeon"]
[Result "1-0"]
[WhiteElo "1816"]
[BlackElo "1697"]
[Opening "Réti opening"]
[ECO "A11"]
[Time "16:00:27"]
[TimeControl "2700+45"]

1. Nf3 d5 2. c4 c6 3. g3 Nf6 4. Bg2 e6 5. b3 Nbd7 6. Bb2 Be7 7. O-O O-O 8. d3 b6
9. Nbd2 Bb7 10. Qc2 Rc8 11. e4 dxe4 12. dxe4 Qc7 13. e5 Ne8 14. Rad1 g6 15. Ne4
c5 16. Nd6 Nxd6 17. exd6 Bxd6 18. Qd2 Be5 19. Nxe5 Bxg2 20. Nxd7 {Black resigns}
1-0

[Event "Team 45 45 League T54"]
[Site "Internet Chess Club"]
[Date "2012.09.14"]
[Round "5"]
[White "PaulaR"]
[Black "Duguesclin"]
[Result "1-0"]
[WhiteElo "1459"]
[BlackElo "1704"]
[Opening "French: Réti (Spielmann) variation"]
[ECO "C00"]
[Time "15:00:43"]
[TimeControl "2700+45"]

1. e4 e6 2. b3 c5 3. Bb2 d5 4. e5 d4 5. c3 Nc6 6. Nf3 d3 7. g3 Nh6 8. Bg2 Ng4 9.
c4 Qc7 10. O-O Ngxe5 11. Re1 Bd6 12. Nc3 a6 13. Ne4 Nxf3+ 14. Qxf3 Be5 15. Bxe5
Nxe5 16. Qe3 O-O 17. Nxc5 Ng4 18. Qg5 e5 19. Nxd3 f6 20. Bd5+ Kh8 21. Qh5 g6 22.
Qh4 Bf5 23. h3 Bxd3 24. hxg4 Qa5 25. g5 f5 26. Rxe5 Rae8 27. Bg8 Rxg8 28. Rxa5
Be4 29. d3 Bc6 30. Qd4+ Rg7 31. Re5 Rf8 32. Re7 Rg8 33. Rae1 a5 34. Rxg7 Rxg7
35. Re7 {Black resigns} 1-0

[Event "Team 45 45 League T54"]
[Site "Internet Chess Club"]
[Date "2012.09.19"]
[Round "5"]
[White "SlimeDog2"]
[Black "Legal"]
[Result "0-1"]
[WhiteElo "2126"]
[BlackElo "1997"]
[Opening "Neo-Grünfeld, 6.cd Nxd5, 7.O-O"]
[ECO "D74"]
[Time "21:15:06"]
[TimeControl "2700+45"]

1. Nf3 Nf6 2. c4 g6 3. d4 Bg7 4. g3 O-O 5. Bg2 d5 6. cxd5 Nxd5 7. O-O Nc6 8. e4
Nb6 9. d5 Na5 10. Nc3 c6 11. Bf4 cxd5 12. exd5 Nac4 13. Qe2 Nxb2 14. Qxb2 Na4
15. Nxa4 Bxb2 16. Nxb2 Qxd5 17. Rfe1 Qb5 18. Nd1 Rd8 19. Nc3 Qa5 20. Rac1 Be6
21. Ng5 Rac8 22. Nxe6 fxe6 23. Be5 Rc5 24. f4 Rdc8 25. Re3 b5 26. Bd4 Rc4 27.
Bh3 R8c6 28. Bg2 Rd6 29. Be5 Rd2 30. Re4 Qb6+ 31. Kh1 Qf2 32. Rg1 Rc8 33. Rb4
Qe3 34. Re4 Qd3 35. Rc1 Rxg2 36. Kxg2 Qd2+ {White resigns} 0-1

[Event "Team 45 45 League T54"]
[Site "Internet Chess Club"]
[Date "2012.09.18"]
[Round "5"]
[White "chess123"]
[Black "cesaralexander"]
[Result "0-1"]
[WhiteElo "1792"]
[BlackElo "1912"]
[Opening "Levitsky attack (Queen's bishop attack)"]
[ECO "D00"]
[Time "21:44:11"]
[TimeControl "2700+45"]

1. d4 d5 2. Bg5 c6 3. Nf3 Qb6 4. b3 Bf5 5. e3 h6 6. Bf4 Nf6 7. Bd3 Ne4 8. O-O
Nd7 9. c4 Ndf6 10. c5 Qd8 11. Qc2 g5 12. Be5 Bg7 13. Ne1 g4 14. f3 gxf3 15. gxf3
Bh3 16. fxe4 Bxf1 17. Bxf1 Rg8 18. Kh1 Ng4 19. Bf4 dxe4 20. h3 e5 21. hxg4 Qh4+
22. Bh2 Qxe1 23. Qe2 Qxe2 24. Bxe2 exd4 25. Na3 d3 26. Rd1 dxe2 27. Re1 Bc3 28.
Rxe2 O-O-O 29. Nc4 Rd1+ 30. Kg2 Rxg4+ 31. Kh3 h5 32. Nd6+ Kd7 33. Nxf7 Rf1 34.
Ne5+ Bxe5 35. Bxe5 Ke6 36. Bb8 a6 37. Bd6 Rf3+ 38. Kh2 h4 39. a4 h3 40. Bf4 Kd5
41. Rc2 Rg2+ 42. Rxg2 hxg2 43. Kxg2 Kxc5 44. Bb8 Kb4 45. Ba7 Kxb3 46. a5 Kb4
{White resigns} 0-1

[Event "Team 45 45 League T54"]
[Site "Internet Chess Club"]
[Date "2012.09.16"]
[Round "5"]
[White "Warpdrive"]
[Black "ShadowChaos7"]
[Result "1/2-1/2"]
[WhiteElo "1624"]
[BlackElo "1664"]
[Opening "Alekhine's defense: Sämisch attack"]
[ECO "B02"]
[Time "18:00:27"]
[TimeControl "2700+45"]

1. e4 Nf6 2. e5 Nd5 3. Nc3 e6 4. d4 Nxc3 5. bxc3 b6 6. Qf3 Nc6 7. Bd3 Bb7 8. Be3
d6 9. Bb5 d5 10. Ne2 a6 11. Bd3 Na7 12. Rb1 c5 13. dxc5 b5 14. Bd4 Qc7 15. Qe3
Rc8 16. O-O Bxc5 17. Bxc5 Qxc5 18. Qxc5 Rxc5 19. a4 O-O 20. axb5 Nxb5 21. Bxb5
axb5 22. Rb4 Ra8 23. Rfb1 Bc6 24. Kf1 Ra2 25. R4b2 Ra8 26. g3 Kf8 27. Ke1 Ke7
28. Kd2 f6 29. exf6+ gxf6 30. Nd4 Rc8 31. Nxb5 Bxb5 32. Rxb5 Rxc3 33. R1b2 Kd6
34. R5b3 R3c4 35. Rb4 e5 36. Rxc4 Rxc4 37. Rb6+ Rc6 38. Rb7 Rc7 39. Rxc7 Kxc7
40. Kd3 Kd6 41. f3 h5 42. h3 f5 43. g4 h4 44. gxf5 Ke7 45. c4 dxc4+ 46. Kxc4 Kf6
47. Kd3 Kxf5 48. Ke3 Kg5 49. Ke4 Kf6 50. f4 exf4 51. Kxf4 Kg6 52. Kg4 Kh6 53.
Kxh4 Kg6 54. Kg4 Kh6 55. h4 Kg6 56. h5+ Kh6 57. Kh4 Kh7 58. Kg5 Kg7 59. h6+ Kh7
60. Kh5 Kh8 61. Kg6 Kg8 62. Kh5 Kh8 63. Kg5 Kh7 64. Kh5 Kh8 65. Kg6 Kg8 66. h7+
Kh8 67. Kh6 {Black stalemated} 1/2-1/2

[Event "Team 45 45 League T54"]
[Site "Internet Chess Club"]
[Date "2012.09.12"]
[Round "5"]
[White "KnightDwarf"]
[Black "Dracoac"]
[Result "0-1"]
[WhiteElo "1528"]
[BlackElo "1828"]
[Opening "Grünfeld: modern exchange variation"]
[ECO "D85"]
[Time "17:30:56"]
[TimeControl "2700+45"]

1. d4 Nf6 2. c4 g6 3. Nc3 d5 4. cxd5 Nxd5 5. e4 Nxc3 6. bxc3 Bg7 7. Nf3 c5 8.
Be3 O-O 9. Bc4 Nc6 10. O-O Bg4 11. Rb1 cxd4 12. cxd4 Bxd4 13. Bxd4 Bxf3 14. gxf3
Qxd4 15. Qxd4 Nxd4 16. Rxb7 Nxf3+ 17. Kg2 Nd2 18. Rc1 Rfc8 19. Rb4 e6 20. f3 a5
21. Ra4 Rab8 22. Kg3 Rb4 23. Rxa5 Rcxc4 24. Rxc4 Nxc4 {White resigns} 0-1

[Event "Team 45 45 League T54"]
[Site "Internet Chess Club"]
[Date "2012.09.17"]
[Round "5"]
[White "Chatica"]
[Black "HomerSimpson"]
[Result "1-0"]
[WhiteElo "2230"]
[BlackElo "2139"]
[Opening "Queen's pawn: English defense"]
[ECO "A40"]
[Time "22:07:46"]
[TimeControl "2700+45"]

1. d4 b6 2. Bf4 Nf6 3. Nf3 Bb7 4. e3 e6 5. Bd3 c5 6. c3 Nc6 7. Nbd2 d5 8. h3 Bd6
9. Bxd6 Qxd6 10. O-O O-O 11. Re1 Rfd8 12. Qe2 Rac8 13. Rad1 e5 14. e4 cxd4 15.
cxd4 Re8 16. Bb5 Nd7 17. exd5 Qxd5 18. Qc4 Qd6 19. Ne4 Qe7 20. Qd5 a6 21. dxe5
Ndxe5 22. Nd6 axb5 23. Nxc8 Bxc8 24. Nxe5 Nxe5 25. Rxe5 Be6 26. Qxb5 Rb8 27. Re3
Qa7 28. a3 Qa5 29. Qxa5 bxa5 30. Red3 Re8 31. Rd8 Kf8 32. Rxe8+ Kxe8 33. b4 axb4
34. axb4 Bd7 35. f3 Kd8 36. Rc1 Ke7 37. Kf2 Kd6 38. Ke3 Ba4 39. Kd4 Bb5 40. Rc5
Bf1 41. b5 Bxg2 42. Rc3 Bf1 43. b6 Ba6 44. Rc7 Ke6 45. b7 {Black resigns} 1-0

[Event "Team 45 45 League T54"]
[Site "Internet Chess Club"]
[Date "2012.09.16"]
[Round "5"]
[White "Rodin7"]
[Black "veganito"]
[Result "1/2-1/2"]
[WhiteElo "2031"]
[BlackElo "1979"]
[Opening "French: exchange variation"]
[ECO "C01"]
[Time "13:00:38"]
[TimeControl "2700+45"]

1. e4 e6 2. d4 d5 3. exd5 exd5 4. Nf3 Nf6 5. Bd3 Bd6 6. O-O O-O 7. Re1 Bg4 8.
Bg5 c6 9. c4 dxc4 10. Bxc4 Nbd7 11. Nbd2 Qb6 12. Qc2 Bb4 13. Ne5 Qxd4 14. Ndf3
Bxf3 15. Nxf3 Qg4 16. Red1 Ne5 17. Nxe5 Qxg5 18. Nxf7 Rxf7 19. Qb3 Nd5 20. Bxd5
cxd5 21. Qxb4 Raf8 22. Rd2 b6 23. Rad1 Rd8 24. h3 Qe5 25. Qb3 Rfd7 26. Rd4 g6
27. Qd3 Kg7 28. g4 Rf7 29. Rd2 Qe1+ 30. Kg2 Rdf8 31. Qg3 Rf3 32. Qxf3 Rxf3 33.
Kxf3 Qh1+ 34. Kg3 Qg1+ 35. Kh4 h5 36. Rxd5 hxg4 37. R5d3 Kh6 38. Rg3 Qe1 39.
Rgd3 Qg1 40. Rg3 Qe1 41. Rgd3 {Game drawn by mutual agreement} 1/2-1/2

[Event "Team 45 45 League T54"]
[Site "Internet Chess Club"]
[Date "2012.09.15"]
[Round "5"]
[White "Beetlejuice"]
[Black "bobhill"]
[Result "0-1"]
[WhiteElo "1772"]
[BlackElo "1932"]
[Opening "Catalan: closed, 5.Nf3"]
[ECO "E06"]
[Time "10:07:01"]
[TimeControl "2700+45"]

1. d4 d5 2. c4 e6 3. Nf3 Be7 4. g3 Nf6 5. Bg2 O-O 6. O-O b6 7. cxd5 exd5 8. Nc3
h6 9. Ne5 Be6 10. Bf4 c6 11. Rc1 Ng4 12. e4 Nxe5 13. exd5 Bg4 14. f3 Nxf3+ 15.
Bxf3 Bxf3 16. Qxf3 Na6 17. Rfd1 c5 18. Kg2 cxd4 19. Rxd4 Bf6 20. Rc4 Bg5 21. a3
Nc5 22. b4 Nd7 23. Bxg5 Qxg5 24. Ne2 Ne5 25. Qe4 Nxc4 26. Rxc4 Rfe8 27. Qd3 Re3
28. Qd1 Rae8 29. Nc3 Qf6 30. Rc6 Qe5 31. Qd2 Qf5 32. Qd1 Rd3 33. Qc1 Qf3+ 34.
Kg1 Rde3 {White resigns} 0-1

[Event "Team 45 45 League T54"]
[Site "Internet Chess Club"]
[Date "2012.09.15"]
[Round "5"]
[White "chess9793"]
[Black "Bonneville"]
[Result "1/2-1/2"]
[WhiteElo "2138"]
[BlackElo "1986"]
[Opening "Caro-Kann: Tartakower (fantasy) variation"]
[ECO "B12"]
[Time "13:07:47"]
[TimeControl "2700+45"]

1. e4 c6 2. d4 d5 3. f3 g6 4. Nc3 Bg7 5. Be3 Nf6 6. e5 Nfd7 7. Qd2 O-O 8. h4 f6
9. f4 Nb6 10. h5 Bg4 11. hxg6 hxg6 12. Bd3 Qe8 13. Nf3 Qf7 14. O-O-O Na6 15. Rh4
Bxf3 16. gxf3 Nb4 17. f5 fxe5 18. Rg1 Nxd3+ 19. cxd3 Qxf5 20. Rhg4 Kf7 21. Rg5
Qe6 22. dxe5 Bxe5 23. Rxg6 Qxg6 24. Rxg6 Kxg6 25. Qg2+ Kf7 26. Qg5 Bf6 27. Qh5+
Ke6 28. Qg4+ Kd6 29. Qb4+ Kc7 30. Bc5 Nd7 31. Bxe7 Bxe7 32. Qxe7 Rxf3 33. Kc2
Rf2+ 34. Kb3 Rd2 35. Qh7 {Game drawn by mutual agreement} 1/2-1/2

[Event "Team 45 45 League T54"]
[Site "Internet Chess Club"]
[Date "2012.09.15"]
[Round "5"]
[White "flyingpawns"]
[Black "goktrenks"]
[Result "0-1"]
[WhiteElo "1782"]
[BlackElo "1842"]
[Opening "Grünfeld: exchange, Spassky variation"]
[ECO "D87"]
[Time "18:38:25"]
[TimeControl "2700+45"]

1. d4 Nf6 2. c4 g6 3. Nc3 d5 4. cxd5 Nxd5 5. e4 Nxc3 6. bxc3 Bg7 7. Bc4 c5 8.
Ne2 O-O 9. Bb2 Nc6 10. O-O Bg4 11. f3 Na5 12. Bb3 Bd7 13. dxc5 Qc7 14. Rc1 Bb5
15. Re1 Qxc5+ 16. Kh1 Rfd8 17. Qc2 Bd3 18. Qd2 Nxb3 19. axb3 Bxe4 20. Qf4 Bc6
21. b4 Qb6 22. Ng3 e5 23. Qc4 Rac8 24. Qe2 Rc7 25. Ne4 Rcd7 26. Rcd1 Bb5 27. Qc2
Bc4 28. Rxd7 Rxd7 29. Nc5 Re7 30. Qe4 Qb5 31. Rd1 h6 32. Bc1 Kh7 33. Qe3 b6 34.
Ne4 Rd7 35. Nf2 Rxd1+ 36. Nxd1 a5 37. bxa5 bxa5 38. Ba3 Qb1 39. Qc1 Qxc1 40.
Bxc1 Bf8 41. Nb2 Bb3 42. Nd3 Bd6 43. Kg1 Kg7 44. Kf2 g5 45. g4 f5 46. Ke3 Kf6
47. h3 a4 48. Nb4 Bc4 49. Kf2 e4 50. fxe4 fxe4 51. Ke3 Bf4+ 52. Kd4 Bxc1 53.
Kxc4 Ke5 54. Na2 Bd2 55. Nb4 Kf4 {White resigns} 0-1

[Event "Team 45 45 League T54"]
[Site "Internet Chess Club"]
[Date "2012.09.19"]
[Round "5"]
[White "Warren"]
[Black "M-Ezat"]
[Result "1-0"]
[WhiteElo "2232"]
[BlackElo "2284"]
[Opening "Robatsch defense"]
[ECO "B06"]
[Time "12:36:33"]
[TimeControl "2700+45"]

1. e4 g6 2. d4 Bg7 3. Nc3 c6 4. Be3 d5 5. e5 f6 6. f4 Nh6 7. Qd2 Ng4 8. Nf3 fxe5
9. fxe5 Nxe3 10. Qxe3 Bg4 11. O-O-O O-O 12. Be2 e6 13. Ng5 Bh6 14. h4 Bxe2 15.
Nxe2 Nd7 16. Nf4 Qe7 17. Kb1 c5 18. Nfxe6 Qxe6 19. Nxe6 Bxe3 20. Nxf8 Nxf8 21.
dxc5 d4 22. Rh3 Ne6 23. c3 Rf8 24. Rf3 Rxf3 25. gxf3 Kf7 26. Kc2 Ke7 27. b4 dxc3
28. Kxc3 a5 29. a3 axb4+ 30. axb4 Bf2 31. Kc4 Bg3 32. Kd5 h5 33. Ra1 Kd7 34. Ra7
Nc7+ 35. Ke4 Kc6 36. Ra2 Bxh4 37. f4 Ne6 38. Rg2 Nf8 39. f5 gxf5+ 40. Kxf5 Be7
41. Rg7 h4 42. Rxe7 h3 43. Rf7 h2 44. Rf6+ Kb5 45. Rh6 Kxb4 46. e6 Nxe6 47. Kxe6
Kxc5 48. Rxh2 b5 49. Ke5 Kc4 50. Rh4+ Kc3 51. Kd5 b4 52. Rc4+ Kb3 53. Kc5 {Black
resigns} 1-0

[Event "Team 45 45 League T54"]
[Site "Internet Chess Club"]
[Date "2012.09.15"]
[Round "5"]
[White "Fezzik"]
[Black "AmrSobh"]
[Result "1-0"]
[WhiteElo "2191"]
[BlackElo "2166"]
[Opening "Queen's Indian: Petrosian system"]
[ECO "E12"]
[Time "16:15:14"]
[TimeControl "2700+45"]

1. d4 Nf6 2. c4 e6 3. Nf3 b6 4. a3 Bb7 5. Nc3 Be7 6. d5 exd5 7. cxd5 O-O 8. e4
Re8 9. Bd3 d6 10. O-O Nbd7 11. Nd4 Bf8 12. f3 Ne5 13. Bb5 Ned7 14. Bg5 Be7 15.
Nc6 Bxc6 16. Bxc6 Rb8 17. Rc1 Nxd5 18. Nxd5 Bxg5 19. f4 Bf6 20. e5 Be7 21. Qg4
Nc5 22. b4 Nb3 23. Rc3 Nd4 24. Bxe8 Qxe8 25. Rg3 g6 26. exd6 cxd6 27. Re1 Rb7
28. Nf6+ Bxf6 29. Rxe8+ Kg7 30. f5 Rc7 31. Re1 Rc2 32. fxg6 hxg6 33. Qe4 Ra2 34.
Qe8 Bh4 35. Rh3 g5 36. Rf1 Ne2+ 37. Kh1 Nf4 38. Rc3 Bf2 39. Rc7 {Black resigns}
1-0

[Event "Team 45 45 League T54"]
[Site "Internet Chess Club"]
[Date "2012.09.15"]
[Round "5"]
[White "M-Abotreka"]
[Black "PoisonPawn"]
[Result "1-0"]
[WhiteElo "2080"]
[BlackElo "2017"]
[Opening "King's Indian: orthodox, Aronin-Taimanov, bayonet attack"]
[ECO "E97"]
[Time "06:05:33"]
[TimeControl "2700+45"]

1. d4 Nf6 2. c4 g6 3. Nc3 Bg7 4. e4 d6 5. Be2 O-O 6. Nf3 e5 7. O-O Nc6 8. d5 Ne7
9. b4 a5 10. Ba3 Nd7 11. c5 axb4 12. cxd6 bxa3 13. dxe7 Qxe7 14. Nb5 c6 15. d6
Qd8 16. Nc7 Rb8 17. Qc2 Nf6 18. Rfd1 Ne8 19. Nxe8 Rxe8 20. Rd2 Be6 21. Rad1 h6
22. Qc5 Ra8 23. d7 Re7 24. Nxe5 Bxe5 25. Qxe5 Bxa2 26. Qa1 Be6 27. h4 a2 28. h5
Kh7 29. hxg6+ fxg6 30. Rd6 Rxd7 31. Rxe6 Rxd1+ 32. Bxd1 Qxd1+ 33. Qxd1 a1=Q 34.
Re7+ Kg8 35. Qxa1 Rxa1+ 36. Kh2 Rb1 37. Rc7 Rb5 38. Kg3 Kf8 39. f4 h5 40. e5 c5
41. Kh4 Rb6 42. Rxc5 Rc6 43. Rd5 Ke7 44. Kg5 b6 45. Rd6 Rc2 46. Kxg6 Rxg2+ 47.
Kf5 b5 48. Rh6 b4 49. Rxh5 b3 50. Rh7+ Kf8 51. Rb7 b2 52. Kf6 Ke8 53. e6 {Black
resigns} 1-0

[Event "Team 45 45 League T54"]
[Site "Internet Chess Club"]
[Date "2012.09.18"]
[Round "5"]
[White "qlwqznzn"]
[Black "MaryAngels"]
[Result "1/2-1/2"]
[WhiteElo "2296"]
[BlackElo "2074"]
[Opening "Scotch game"]
[ECO "C45"]
[Time "09:24:43"]
[TimeControl "2700+45"]

1. e4 e5 2. Nf3 Nc6 3. d4 exd4 4. Nxd4 Bb4+ 5. c3 Bc5 6. Be3 Bb6 7. Be2 Nf6 8.
Nd2 O-O 9. Kf1 d5 10. Nxc6 bxc6 11. Bxb6 axb6 12. e5 Nd7 13. f4 Nc5 14. Kg1 f6
15. Nf3 fxe5 16. fxe5 Qe7 17. h3 Ne4 18. Qe1 Qc5+ 19. Kh2 Qe3 20. Rf1 Qf4+ 21.
g3 Qh6 22. Ng1 Bd7 23. Qc1 Qe6 24. Qe3 Qxe5 25. Rxf8+ Rxf8 26. Rf1 Rxf1 27. Bxf1
h5 28. Qf4 Qxf4 29. gxf4 Kf7 30. Nf3 Kf6 31. h4 Kf5 32. Ne5 Be8 33. Nd3 Kg4 34.
Be2+ Kf5 35. Kg2 c5 36. Kf3 Nd2+ 37. Ke3 Nc4+ 38. Kf3 Bc6 39. Kg3 g6 40. Bf3 Nd2
41. Ne5 Bb7 42. Bg2 Ne4+ 43. Bxe4+ dxe4 44. Nc4 Ba6 45. Ne3+ Ke6 46. c4 c6 47.
Kf2 {Game drawn by mutual agreement} 1/2-1/2

[Event "Team 45 45 League T54"]
[Site "Internet Chess Club"]
[Date "2012.09.17"]
[Round "5"]
[White "grabuark"]
[Black "zeigmata"]
[Result "1/2-1/2"]
[WhiteElo "2205"]
[BlackElo "2191"]
[Opening "Sicilian: Najdorf, 6...e6"]
[ECO "B95"]
[Time "15:08:54"]
[TimeControl "2700+45"]

1. e4 c5 2. Nf3 d6 3. d4 cxd4 4. Nxd4 Nf6 5. Nc3 a6 6. Bg5 e6 7. Qf3 Nbd7 8.
O-O-O Be7 9. Be2 O-O 10. h4 Qc7 11. Qg3 Kh8 12. h5 h6 13. Be3 b5 14. Nd5 Nxd5
15. exd5 Ne5 16. dxe6 fxe6 17. Kb1 Bd7 18. f4 Nc4 19. Bc1 e5 20. fxe5 Nxe5 21.
Rhf1 Rac8 22. Rxf8+ Rxf8 23. Bf4 Qc5 24. Nb3 Qc7 25. Nd4 Qc5 26. Nb3 {Game drawn
by mutual agreement} 1/2-1/2

[Event "Team 45 45 League T54"]
[Site "Internet Chess Club"]
[Date "2012.09.15"]
[Round "5"]
[White "Ptzz"]
[Black "lacibacsi"]
[Result "1-0"]
[WhiteElo "2087"]
[BlackElo "2045"]
[Opening "King's Indian: 5.Be2"]
[ECO "E73"]
[Time "16:01:16"]
[TimeControl "2700+45"]

1. d4 Nf6 2. c4 g6 3. Nc3 Bg7 4. e4 d6 5. Be2 O-O 6. h4 c5 7. d5 e6 8. h5 exd5
9. cxd5 Qe7 10. hxg6 fxg6 11. Bg5 Nbd7 12. f3 Ne5 13. Qd2 Nf7 14. Bf4 Nh5 15.
Be3 a6 16. a4 Bd7 17. a5 Ne5 18. Nh3 Ng3 19. Rh2 c4 20. Nf2 Rac8 21. Bg5 Qf7 22.
O-O-O Nd3+ 23. Nxd3 Nxe2+ 24. Qxe2 cxd3 25. Qxd3 Bb5 26. Qe3 Qc7 27. Rdh1 Qxa5
28. Kb1 Qb4 29. Rxh7 Bxc3 30. Qxc3 Qxc3 31. bxc3 {Black resigns} 1-0

[Event "Team 45 45 League T54"]
[Site "Internet Chess Club"]
[Date "2012.09.16"]
[Round "5"]
[White "chiiwen"]
[Black "rdmuhcu"]
[Result "0-1"]
[WhiteElo "2171"]
[BlackElo "2294"]
[Opening "Sicilian defense"]
[ECO "B30"]
[Time "15:05:10"]
[TimeControl "2700+45"]

1. e4 c5 2. Nf3 Nc6 3. Nc3 e5 4. Bc4 d6 5. d3 Be7 6. Nd2 Bg5 7. Nf1 Bxc1 8. Rxc1
Nge7 9. Ne3 O-O 10. O-O Ng6 11. Ncd5 Qg5 12. Kh1 Rb8 13. a4 h5 14. c3 h4 15. Qf3
Bd7 16. Ba2 Nf4 17. Nxf4 exf4 18. Nd5 Be6 19. Qd1 Rbc8 20. h3 f5 21. f3 fxe4 22.
dxe4 Ne5 23. Qd2 c4 24. Rcd1 Rc5 25. Nb4 Rd8 26. Nc2 Bf7 27. Nd4 Ra5 28. Qc2 d5
29. b4 Ra6 30. a5 Rad6 31. Nb5 R6d7 32. Nxa7 dxe4 33. Rxd7 Rxd7 34. Bb1 Bg6 35.
fxe4 f3 36. Rf2 fxg2+ 37. Rxg2 Bxe4 38. Qxe4 Rd1+ 39. Kh2 Nf3+ 40. Qxf3 Qe5+ 41.
Rg3 hxg3+ 42. Kg2 Rd2+ 43. Kg1 Qe1+ 44. Qf1 Qe3+ {White resigns} 0-1

[Event "Team 45 45 League T54"]
[Site "Internet Chess Club"]
[Date "2012.09.17"]
[Round "5"]
[White "Matusalen"]
[Black "MassCarnage"]
[Result "1-0"]
[WhiteElo "2171"]
[BlackElo "2057"]
[Opening "King's Indian: fianchetto, Uhlmann (Szabo) variation"]
[ECO "E62"]
[Time "10:01:23"]
[TimeControl "2700+45"]

1. Nf3 Nf6 2. c4 g6 3. g3 Bg7 4. Bg2 O-O 5. d4 d6 6. O-O Nc6 7. Nc3 e5 8. d5 Ne7
9. c5 h6 10. cxd6 cxd6 11. e4 Ne8 12. Qb3 f5 13. a4 f4 14. h3 fxg3 15. fxg3 g5
16. Be3 Nf6 17. Nxe5 Nxe4 18. Rxf8+ Qxf8 19. Nxe4 Bxe5 20. Rf1 Qg7 21. Bd2 b6
22. Bc3 Ba6 23. Bxe5 Qxe5 24. Rf6 Kg7 25. Re6 Qd4+ 26. Nf2 Nf5 27. g4 Rc8 28.
Qf3 Nh4 29. Re7+ Kh8 30. Qe3 Qxe3 31. Rxe3 Rc1+ 32. Kh2 Rc2 33. Re8+ Kg7 34. Kg1
Nxg2 35. Kxg2 Bc4 36. Re7+ Kg8 37. Rxa7 Bxd5+ 38. Kg3 Rxb2 39. Rd7 Rb3+ 40. Kh2
Rf3 41. Kg1 Rg3+ 42. Kf1 Bc4+ 43. Ke1 Re3+ 44. Kd2 Re2+ 45. Kc3 d5 46. Nd1 Rh2
47. Ne3 Rxh3 48. Kd4 Rg3 49. Rb7 Rf3 50. Rxb6 Rf4+ 51. Kc5 Kg7 52. Nf5+ Rxf5 53.
gxf5 Bd3 54. a5 {Black resigns} 1-0

[Event "Team 45 45 League T54"]
[Site "Internet Chess Club"]
[Date "2012.09.15"]
[Round "5"]
[White "aww-rats"]
[Black "barbak"]
[Result "0-1"]
[WhiteElo "2065"]
[BlackElo "1956"]
[Opening "Réti: King's Indian attack"]
[ECO "A08"]
[Time "12:04:02"]
[TimeControl "2700+45"]

1. Nf3 d5 2. g3 c5 3. Bg2 Nf6 4. O-O e6 5. d3 Be7 6. c3 O-O 7. Nbd2 Nc6 8. Qc2
b5 9. a4 b4 10. e4 Qb6 11. Re1 Re8 12. Nf1 dxe4 13. dxe4 e5 14. Ne3 Be6 15. Nd2
Na5 16. Nd5 Qb7 17. cxb4 cxb4 18. Qc7 Bd8 19. Qxb7 Nxb7 20. Nc4 Nd7 21. Be3 Nbc5
22. Bxc5 Nxc5 23. Nxe5 Nb3 24. Rad1 Rc8 25. Nxb4 Ba5 26. Nec6 Bxb4 27. Nxb4 Rc4
28. Nd5 Rxa4 29. Nc7 Rb8 30. Nxe6 fxe6 31. e5 Nd4 32. Re4 Rbb4 33. Kf1 Kf7 34.
h4 Ke7 35. Rd2 Nb3 36. Rde2 Nd2+ 37. Rxd2 Rxe4 38. Bxe4 Rxe4 39. Re2 Rb4 40. Ke1
Kf7 41. f3 h5 42. Kf2 Kg6 43. Rc2 Kf5 44. Ke3 Rb3+ 45. Rc3 Rxc3+ 46. bxc3 Kxe5
47. g4 g6 48. f4+ Kd5 49. gxh5 gxh5 50. Kd3 a6 51. c4+ Kc5 52. Ke4 a5 53. Ke5 a4
54. Kxe6 a3 55. f5 a2 56. f6 a1=Q 57. f7 Qa8 58. Ke7 Qb7+ 59. Ke8 Qe4+ 60. Kd7
Qf5+ 61. Ke7 Qe5+ 62. Kd7 Qf6 63. Ke8 Qe6+ 64. Kf8 Kd6 65. Kg7 Qg4+ 66. Kh6 Ke7
{White resigns} 0-1

[Event "Team 45 45 League T54"]
[Site "Internet Chess Club"]
[Date "2012.09.18"]
[Round "5"]
[White "Uwak"]
[Black "parpin"]
[Result "1-0"]
[WhiteElo "2487"]
[BlackElo "1999"]
[Opening "Caro-Kann: advance variation"]
[ECO "B12"]
[Time "12:00:58"]
[TimeControl "2700+45"]

1. e4 c6 2. d4 d5 3. e5 c5 4. Nf3 Bg4 5. dxc5 e6 6. Be3 a6 7. c3 Nd7 8. b4 Ne7
9. Nbd2 Nxe5 10. Be2 Bxf3 11. Nxf3 Nxf3+ 12. Bxf3 Nf5 13. O-O Qd7 14. c4 d4 15.
Bf4 d3 16. Be4 O-O-O 17. c6 bxc6 18. Qa4 Bd6 19. Bxd6 Nxd6 20. Bxc6 Qa7 21. c5
Nb7 22. Bb5 Rd4 23. Bxa6 Kc7 24. Qa3 Rd5 25. Rab1 Ra8 26. b5 Kd8 27. c6 Nc5 28.
Rfd1 Qb6 29. Rb4 Nxa6 30. bxa6 Rxa6 31. Qc3 Qxc6 32. Qxg7 Ke7 33. Rf4 Qe8 34.
Qxh7 Rxa2 35. Qh4+ Kd6 36. Rd4 Qb5 37. Rb4 Qc6 38. Qd8+ Kc5 39. Qf8+ Qd6 40.
Qc8+ Kxb4 41. Rb1+ Ka5 42. Qb7 Rf5 43. Qa8+ Qa6 44. Qd8+ {Black resigns} 1-0

[Event "Team 45 45 League T54"]
[Site "Internet Chess Club"]
[Date "2012.09.15"]
[Round "5"]
[White "Burning-Bush"]
[Black "daniguti"]
[Result "1-0"]
[WhiteElo "1999"]
[BlackElo "1861"]
[Opening "Queen's pawn game"]
[ECO "E00"]
[Time "21:09:06"]
[TimeControl "2700+45"]

1. d4 Nf6 2. c4 e6 3. a3 d5 4. Bg5 Be7 5. Nc3 Nbd7 6. e3 O-O 7. Nf3 c6 8. Bd3
dxc4 9. Bxc4 Nd5 10. Bxe7 Qxe7 11. Rc1 b6 12. O-O Bb7 13. Qd2 Nxc3 14. Rxc3 c5
15. d5 exd5 16. Bxd5 Bxd5 17. Qxd5 Nf6 18. Qf5 Rad8 19. Qc2 Qe4 20. Qc1 Rd7 21.
Rc4 Qe6 22. b4 cxb4 23. axb4 Rfd8 24. Nd4 Qd5 25. Nc6 Rc7 26. Rd4 Qxd4 27. exd4
Rd6 28. b5 a6 29. Qa3 {Black resigns} 1-0